 Dungeon Crawl Stone Soup version 0.18.2-3-g5ac21b8443 (webtiles) character file.

346 KristoblXynda the Chopper (level 6, -1/52 HPs)
             Began as a Draconian Gladiator on Nov 5, 2021.
             Was a Follower of Okawaru.
             Slain by a centaur (7 damage)
             ... on level 5 of the Dungeon.
             The game lasted 00:04:58 (3835 turns).

KristoblXynda the Chopper (Draconian Gladiator)     Turns: 3835, Time: 00:05:00

Health: -1/52      AC:  7    Str: 19    XL:     6   Next: 32%
Magic:  6/6        EV: 13    Int:  8    God:    Okawaru [*.....]
Gold:   132        SH:  0    Dex: 12    Spells: 0 memorised, 5 levels left

rFire  . . .     SeeInvis .     a - +0 war axe
rCold  . . .     Gourm    .     (armour unavailable)
rNeg   . . .     Faith    .     (no shield)
rPois  .         Spirit   .     b - +0 hat
rElec  .         Dismiss  .     (no cloak)
rCorr  .         Reflect  .     f - +0 pair of gloves
SustAt .         Harm     .     (no boots)
MR     +....                    (no amulet)
Stlth  +.........               (no ring)
                                x - ring of protection from magic

@: somewhat resistant to hostile enchantments, very unstealthy
A: unfitting armour, cold-blooded, AC +6
a: Heroism, Renounce Religion


You were on level 5 of the Dungeon.
You worshipped Okawaru.
Okawaru was aware of your devotion.
You were not hungry.

You visited 2 branches of the dungeon, and saw 6 of its levels.

You collected 132 gold pieces.

Inventory:

Hand Weapons
 a - a +0 war axe (weapon)
 k - a +2 whip of venom
Missiles
 c - 3 throwing nets (quivered)
Armour
 b - a +0 hat (worn)
 f - a +0 pair of gloves (worn)
Jewellery
 o - an uncursed ring of ice
 x - a ring of protection from magic (left hand)
Scrolls
 g - 2 scrolls of noise {unknown}
 i - a scroll of fear {unknown}
 j - a scroll of remove curse {unknown}
 p - a scroll of recharging {unknown}
 q - a scroll of immolation {unknown}
 w - 2 scrolls of teleportation {unknown}
Potions
 e - a potion of cancellation {unknown}
 l - a potion of agility {unknown}
 m - a potion of magic {unknown}
 n - 2 potions of berserk rage {unknown}
 r - 2 potions of heal wounds
 s - a potion of invisibility {unknown}
 t - 3 potions of curing {unknown}
 v - a potion of beneficial mutation {unknown}
Comestibles
 d - 3 bread rations
 h - 2 meat rations
 u - 5 fruits
 z - 3 chunks of flesh


   Skills:
 + Level 3.9 Fighting
 * Level 5.5 Axes
 - Level 2.0 Throwing
 + Level 4.0 Dodging


You had 5 spell levels left.
You didn't know any spells.

Dungeon Overview and Level Annotations

Branches:
Dungeon (5/15)             Temple (1/1) D:4

Altars:
Ashenzari
Cheibriados
Elyvilon
Gozag
Kikubaaqudgha
Makhleb
Nemelex Xobeh
Okawaru
Qazlal
Ru
Sif Muna
Trog
Vehumet
Xom
Yredelemnul
Zin


Innate Abilities, Weirdness & Mutations

Your plain brown scales are hard (AC +6).
Your body does not fit into most forms of armour.
You are cold-blooded and may be slowed by cold attacks.


Message History

The centaur shoots an arrow.
The arrow hits you!
You see here an arrow.
The centaur unwields an uncursed shortbow.
The centaur hits you!
Found a stone staircase leading up.
There is an open door here.
You slash the centaur!
The centaur is heavily wounded.
The centaur hits you. x2
* * * LOW HITPOINT WARNING * * *
You are too injured to fight recklessly!
You are too injured to fight recklessly!
You are too injured to fight recklessly!
You hit the centaur.
You tail-slap the centaur, but do no damage.
The centaur is heavily wounded.
The centaur hits you.
* * * LOW HITPOINT WARNING * * *
The centaur hits you!
You die...

#..... #... #....#
#...##....## +...
..(...# . #...
#....# ..##...
#...(#
......<##<..(##..#
.......#(..(†....#
......c@...........
.......#...........
.......#...........
.###...##....##..##
#+## #....# ..#
....... ..#
#....... .# .....


You could see a centaur.

Vanquished Creatures
  A howler monkey (D:5)
  A centaur skeleton (D:4)
  A hound (D:4)
  An orc priest (D:3)
  An iguana (D:4)
  A worker ant (D:4)
  3 adders
  5 worms
  12 dart slugs
  5 giant geckos
  8 orcs (D:3)
  12 bats
  5 giant cockroaches
  5 goblins
  5 hobgoblins
  9 jackals
  2 ball pythons
  A giant gecko skeleton (D:5)
  7 giant newts
  A jackal skeleton (D:4)
  8 kobolds
  5 rats
99 creatures vanquished.

Notes
Turn   | Place    | Note
--------------------------------------------------------------
     0 | D:1      | KristoblXynda the Draconian Gladiator began the quest for the Orb.
     0 | D:1      | Reached XP level 1. HP: 17/17 MP: 1/1
    89 | D:1      | Reached XP level 2. HP: 25/25 MP: 2/2
   465 | D:2      | Found an iron altar of Okawaru.
   511 | D:2      | Became a worshipper of Warmaster Okawaru
   528 | D:2      | Reached XP level 3. HP: 27/30 MP: 3/3
  1017 | D:2      | Reached skill level 4 in Axes
  1310 | D:2      | Reached XP level 4. HP: 22/37 MP: 4/4
  2134 | D:3      | Reached XP level 5. HP: 43/45 MP: 5/5
  2403 | D:3      | Found a glowing silver altar of Zin.
  2793 | D:4      | Found a staircase to the Ecumenical Temple.
  2813 | Temple   | Entered the Ecumenical Temple
  2971 | D:4      | Reached skill level 5 in Axes
  3341 | D:4      | Reached * piety under Okawaru
  3408 | D:4      | Reached XP level 6. HP: 46/52 MP: 6/6
  3571 | D:4      | Found a bloodstained altar of Trog.
  3581 | D:4      | Found a stormy altar of Qazlal.
  3818 | D:5      | Entered Level 5 of the Dungeon
  3835 | D:5      | Slain by a centaur

Skill      XL: |  1  2  3  4  5  6 |
---------------+-------------------+-----
Throwing       | 2 |  2.0
Dodging        | 3 4 |  4.0
Axes           | 4 5 |  5.5
Fighting       | 3 |  3.9

Action                   |  1- 3 |  4- 6 || total
-------------------------+-------+-------++-------
Melee: War axe           |   117 |   163 ||   280
       Tailslap          |    15 |    27 ||    42
  Use: Scroll            |       |     3 ||     3
  Eat: Chunk             |       |    10 ||    10
Armor: Skin              |    45 |    59 ||   104
Dodge: Dodged            |   112 |   143 ||   255
